 Dungeon Sprint DCSS version 0.30-a0-737-gf23d94013f (webtiles) character file.

Game seed: 14135261186074420967

26 sircluck the Shield-Bearer (level 2, -1/46 HPs)
             Began as a Troll Fighter on Feb 2, 2023.
             Slain by a moth of wrath (21 damage)
             ... in the Dungeon (Sprint I: "Red Sonja").
             The game lasted 00:00:24 (66 turns).

sircluck the Shield-Bearer (Troll Fighter)            Turns: 66, Time: 00:00:25

Health: -1/46      AC:  4    Str: 23    XL:     2   Next: 89%
Magic:  1/1        EV:  9    Int:  4    God:
Gold:   0          SH:  8    Dex:  9    Spells: 1/1 levels left

rFire   . . .      SeeInvis .      - Unarmed
rCold   . . .      Faith    .    b - +0 kite shield
rNeg    . . .      Spirit   .    a - +0 robe
rPois   .          Reflect  .    (helmet restricted)
rElec   .          Harm     .    (no cloak)
rCorr   .          Rampage  .    (gloves unavailable)
Will    .....      NoTele   +    (boots unavailable) Stlth
                                 (no amulet)
HPRegen 1.07/turn                (no ring)
MPRegen 0.07/turn                (no ring)

@: berserking, very quick
A: large, unfitting armour, claws 3, regeneration 1, shaggy fur 1, tough skin 1
a: no special abilities


You were in the Dungeon.
You visited 1 branch

Inventory:

Hand Weapons
 k - a +2 spectral club
Armour
 a - a +0 robe (worn)
 b - a +0 kite shield (worn)
 l - a +3 leather armour of willpower
Wands
 j - a wand of polymorph (2)
Scrolls
 i - a scroll of blinking
Potions
 c - a potion of might
 d - a potion of curing
 e - a potion of heal wounds
 f - a potion of haste
 g - 2 potions of magic
 h - a potion of berserk rage


   Skills:
 + Level 3.6 Fighting
 + Level 3.6 Dodging
 + Level 3.7 Shields
 + Level 2.7 Unarmed Combat


You had one spell level left.
You didn't know any spells.
Your spell library was empty.

Dungeon Overview and Level Annotations

Branches:
Dungeon (1/1)

Altars:


Innate Abilities, Weirdness & Mutations

You are too large for most types of armour.
You have claws for hands.
Your natural rate of healing is unusually fast.
You are covered in fur. (AC +1)
You have tough skin. (AC +1)


Message History

Press: ? - help, Q - select action Shift-Dir - straight line, f - ogre
Aim: an ogre, wielding a +0 giant spiked club (will become a naga, a fire bat, or a moth of wrath, chance to affect: 49%)
The ogre evaporates and reforms as a moth of wrath!
You scratch the moth of wrath but do no damage.
The moth of wrath bites you. The moth of wrath infuriates you!
A red film seems to cover your vision as you go berserk!
You feel yourself moving faster!
You feel mighty!
You claw the moth of wrath!
The moth of wrath is lightly wounded.
The moth of wrath bites you!
You barely miss the moth of wrath.
The moth of wrath is lightly wounded.
You block the moth of wrath's attack.
You closely miss the moth of wrath.
The moth of wrath is lightly wounded.
The moth of wrath bites you.
You closely miss the moth of wrath.
The moth of wrath is lightly wounded.
You block the moth of wrath's attack.
You closely miss the moth of wrath.
The moth of wrath is lightly wounded.
You claw the moth of wrath!
The moth of wrath is heavily wounded.
The moth of wrath bites you.
You completely miss the moth of wrath.
The moth of wrath is moderately wounded.
The moth of wrath bites you!
You barely miss the moth of wrath.
The moth of wrath is moderately wounded.
You block the moth of wrath's attack.
You barely miss the moth of wrath.
The moth of wrath is moderately wounded.
The moth of wrath bites you.
You closely miss the moth of wrath.
The moth of wrath is moderately wounded.
You block the moth of wrath's attack.
You claw the moth of wrath!
The moth of wrath is heavily wounded.
The moth of wrath bites you!!
You die...

##########
#<.#.@y).#
#..'†.#..+
#..#### +#
#..# #..#
#..# #⌠⌠#
####


You could see a moth of wrath.

Vanquished Creatures
  Ijyb (D)
1 creature vanquished.

Notes
Turn   | Place    | Note
-------+----------+-------------------------------------------
     0 | D        | sircluck the Troll Fighter began the quest for the Orb.
     0 | D        | Reached XP level 1. HP: 22/22 MP: 0/0
     2 | D        | Noticed Ijyb
    17 | D        | HP: 1/22 [Ijyb/+2 spectral club (5)]
    20 | D        | Killed Ijyb
    21 | D        | Reached XP level 2. HP: 7/31 MP: 1/1
    53 | D        | Noticed an ogre
    54 | D        | an ogre changed into a moth of wrath
    54 | D        | Noticed a moth of wrath
    66 | D        | Slain by a moth of wrath

Illustrated notes

Levels and vault maps discovered:
D:        dungeon_sprint_1 [red_sonja_temple_1, red_sonja_temple_small_1]

Skill      XL: |  1 |
---------------+----+-----
Fighting       | 3 |  3.6
Dodging        | 3 |  3.6
Shields        | 3 |  3.7
Unarmed Combat | |  2.7

Action                     || total
---------------------------++-------
  Melee: Unarmed           ||    29
  Evoke: Wand              ||     1
 Armour: Robe              ||     1
  Dodge: Dodged            ||     3
  Block: Kite shield       ||     7

Table legend: (Time is in decaauts)
 A = Elapsed time spent in this place.
 B = Non-inter-level travel time spent in this place.
 C = Inter-level travel time spent in this place.
 D = Time resting spent in this place.
 E = Time spent auto-exploring this place.
 F = Levels seen in this place.
 G = Mean time per level.
                   A        B        C        D        E       F      G
               +--------+--------+--------+--------+--------+-----+--------+
         Total |     64 |     64 |      0 |     23 |      0 |   1 |   64.0 |
       Dungeon |     64 |     64 |      0 |     23 |      0 |   1 |   64.0 |
               +--------+--------+--------+--------+--------+-----+--------+

Top non-repeatable levels by time:
       D: 64 daAuts
